 Dungeon Crawl Stone Soup version 0.16.2-12-gd0ad4c3 (webtiles) character file.

1520 Ijustatesigmund the Conjurer (level 8, 0/51 HPs)
             Began as an Octopode Wizard on Oct 20, 2015.
             Was a Follower of Cheibriados.
             Slain by a wasp zombie (10 damage)
             ... on level 6 of the Dungeon.
             The game lasted 00:41:39 (7932 turns).

Ijustatesigmund the Conjurer (Octopode Wizard)      Turns: 7932, Time: 00:41:40

Health: 0/51       AC:  3    Str: 11    XL:     8   Next: 84%
Magic:  21/25      EV: 12    Int: 27    God:    Cheibriados [*.....]
Gold:   268        SH:  0    Dex: 16    Spells: 5 memorised, 2 levels left

rFire  + . .     SeeInvis +     w - +2 whip "Liarghec" {slash, Str+3 Int+3 Dex+3 SInv}
rCold  . . .     Clarity  +     (no shield)
rNeg   . . .     SustAb   +     b - +2 hat
rPois  .         Gourm    .     k - amulet of clarity
rElec  .         Spirit   .     j - ring of flight
rCorr  .         Warding  .     m - ring of magical power
rMut   .         Stasis   .     y - ring of protection from fire
MR     .....                    s - ring of sustain abilities
Stlth  ++++......               (no ring)
                                (no ring)
                                (no ring)
                                (no ring)

@: repel missiles, very slow, not resistant to hostile enchantments, stealthy
A: almost no armour, amphibious, 8 rings, constrict 8, camouflage 1, gelatinous
body 1
a: Bend Time, Renounce Religion, Evoke Flight


You were on level 6 of the Dungeon.
You worshipped Cheibriados.
Cheibriados was aware of your devotion.
You were not hungry.

You visited 2 branches of the dungeon, and saw 7 of its levels.
You also visited: Ossuary.

You collected 268 gold pieces.

Inventory:

Hand weapons
 f - a +1 dagger
 r - a cursed +3 quarterstaff of chaos
 t - a +2 short sword of flaming
 w - the +2 whip "Liarghec" (weapon) {slash, Str+3 Int+3 Dex+3 SInv}
   (You found it on level 4 of the Dungeon)

   It inflicts extra damage upon your enemies.
   It affects your strength (+3).
   It affects your intelligence (+3).
   It affects your dexterity (+3).
   It enhances your eyesight.
Missiles
 l - 2 javelins (quivered)
Armour
 b - a +2 hat (worn)
 h - a cursed +0 shield
Jewellery
 j - a ring of flight (left tentacle)
 k - an amulet of clarity (around mantle)
 m - a ring of magical power (right tentacle)
 o - an uncursed ring of teleportation
 s - a ring of sustain abilities (on tentacle)
 y - a ring of protection from fire (on tentacle)
Scrolls
 v - a scroll of magic mapping
 x - a scroll of remove curse
Potions
 a - a potion of resistance
 e - 2 potions of curing
 g - a potion of might
 i - 2 potions of cancellation
 n - a potion of mutation {unknown}
 p - a potion of flight
 q - a potion of ambrosia {unknown}
Books
 c - a book of Minor Magic

   Spells                             Type                      Level
   a - Magic Dart                     Conjuration                  1
   b - Blink                          Translocation                2
   c - Call Imp                       Summoning                    2
   d - Repel Missiles                 Charms/Air                   2
   e - Slow                           Hexes                        2
   f - Conjure Flame                  Conjuration/Fire             3
   g - Mephitic Cloud                 Conjuration/Poison/Air       3
Comestibles
 d - 5 bread rations
 u - a meat ration


   Skills:
 - Level 2.6 Fighting
 - Level 1.0 Short Blades
 - Level 2.0 Dodging
 - Level 5.1 Stealth
 - Level 3.0 Spellcasting
 + Level 6.4 Conjurations
 - Level 3.0 Charms
   Level 1.0 Summonings
 - Level 3.1 Translocations
 + Level 3.0 Fire Magic
 - Level 2.5 Air Magic
 - Level 2.0 Poison Magic
 + Level 3.1 Invocations


You had 2 spell levels left.
You knew the following spells:

 Your Spells              Type           Power        Failure   Level  Hunger
a - Magic Dart            Conj           ####         1%          1    None
b - Blink                 Tloc           N/A          4%          2    #......
c - Mephitic Cloud        Conj/Pois/Air  ###.....     10%         3    ###....
d - Repel Missiles        Chrm/Air       ###...       4%          2    #......
e - Conjure Flame         Conj/Fire      ####....     4%          3    ###....


Dungeon Overview and Level Annotations

Branches:
Dungeon (6/15)             Temple (1/1) D:4

Altars:
Ashenzari
Cheibriados
Elyvilon
Gozag
Kikubaaqudgha
Nemelex Xobeh
Ru
Trog

Annotations:
D:3 Sigmund+ghost!, Sigmund; kraktruk's ghost, average DECj
D:4 Robin; kraktruk's ghost, average DECj


Innate Abilities, Weirdness & Mutations

You cannot wear most types of armour.
You are amphibious.
You can wear up to eight rings at the same time.
You can use your tentacles to constrict many enemies at once.
Your skin changes colour to match your surroundings (Stealth).
Your rubbery body absorbs attacks (AC +1).


Message History

Confirm with . or Enter, or press ? or * to list all spells.
Aiming: Magic Dart
Press: ? - help, Shift-Dir - straight line, f/p - wasp zombie
Aim: a wasp zombie The magic dart hits the wasp zombie.
The wasp zombie misses you.
You barely miss the wasp zombie. You grab the wasp zombie.
You constrict the wasp zombie. The wasp zombie hits you.
All of the chunks of flesh in your inventory have rotted away.
You hit the wasp zombie. You constrict the wasp zombie.
The wasp zombie hits you.
You hit the wasp zombie. You squeeze the wasp zombie.
You constrict the wasp zombie. The wasp zombie completely misses you.
The wasp zombie hits you!
* * * LOW HITPOINT WARNING * * *
You hit the wasp zombie. You constrict the wasp zombie.
The wasp zombie closely misses you.
You hit the wasp zombie.
You squeeze the wasp zombie, but do no damage.
You constrict the wasp zombie. The wasp zombie hits you!
You die...

#.........#
#####.†...#
#.....#
#.....#
#.....#
#.....#
#.....# .
#.....###....
#...@........
#...Z.####...
####.## #.#
#.# ... .....
.......
#........


You could see a wasp zombie.

Vanquished Creatures
  Prince Ribbit (D:4)
  The ghost of daftwullie the Digger, an average GrEE (Ossuary)
  An ice beast (D:5)
  An orc warrior (D:6)
  A centaur (D:5)
  An elf zombie (Ossuary)
  2 giant frogs (D:6)
  A water moccasin zombie (D:6)
  A crimson imp (D:5)
  A centaur zombie (Ossuary)
  3 human zombies (Ossuary)
  Crazy Yiuf (D:2)
  An orc priest (D:5)
  3 orc wizards (D:4)
  A worker ant (D:4)
  2 big kobold zombies (Ossuary)
  Ijyb (D:4)
  A hound zombie (Ossuary)
  3 mummies (Ossuary)
  5 adders
  A giant mite (D:1)
  4 worms
  An adder zombie (Ossuary)
  4 giant geckos
  An ooze (D:3)
  19 orcs
  2 bat zombies
  5 giant cockroaches
  A gnoll zombie (Ossuary)
  17 goblins
  15 hobgoblins
  5 kobolds
  2 quokkas
  A ball python (D:5)
  9 bats
  2 giant newts
  4 goblin zombies (Ossuary)
  3 hobgoblin zombies (Ossuary)
  2 jackal zombies (Ossuary)
  6 kobold zombies (Ossuary)
  2 orc zombies (Ossuary)
  2 quokka zombies (Ossuary)
  9 rats
  5 rat zombies (Ossuary)
154 creatures vanquished.

Notes
Turn   | Place    | Note
--------------------------------------------------------------
     0 | D:1      | Ijustatesigmund, the Octopode Wizard, began the quest for the Orb.
     0 | D:1      | Reached XP level 1. HP: 11/11 MP: 4/4
   361 | D:1      | Reached XP level 2. HP: 12/17 MP: 0/6
  1032 | D:1      | Learned a level 2 spell: Blink
  1259 | D:1      | Reached XP level 3. HP: 19/21 MP: 4/7
  1293 | D:1      | Learned a level 3 spell: Mephitic Cloud
  1475 | D:2      | Found an opulent altar of Gozag.
  1653 | D:2      | Reached skill level 4 in Stealth
  2147 | D:2      | Reached skill level 1 in Poison Magic
  2147 | D:2      | Reached XP level 4. HP: 6/27 MP: 9/9
  2440 | D:2      | Reached skill level 1 in Air Magic
  2547 | D:2      | Noticed Crazy Yiuf
  2561 | D:2      | Killed Crazy Yiuf
  2797 | D:2      | Reached XP level 5. HP: 31/31 MP: 11/11
  3153 | D:2      | Found an ancient bone altar of Kikubaaqudgha.
  3537 | D:3      | Noticed Sigmund
  3539 | D:3      | Noticed kraktruk's ghost (average DECj)
  3945 | D:3      | Found a sacrificial altar of Ru.
  4300 | D:4      | Found a sparkling altar of Nemelex Xobeh.
  4308 | D:4      | Reached skill level 5 in Stealth
  4330 | D:4      | Noticed Ijyb
  4341 | D:4      | Killed Ijyb
  4341 | D:4      | Reached skill level 1 in Short Blades
  4341 | D:4      | Reached XP level 6. HP: 19/36 MP: 1/12
  4406 | D:4      | Got a twisted whip
  4407 | D:4      | Identified the +2 whip "Liarghec" {slash, Str+3 Int+3 Dex+3 SInv} (You found it on level 4 of the Dungeon)
  4525 | D:4      | Reached skill level 1 in Fighting
  4642 | D:4      | Found a staircase to the Ecumenical Temple.
  4648 | D:4      | Noticed Robin
  4749 | D:4      | Noticed Prince Ribbit
  4753 | D:4      | Found a sand-covered staircase.
  4760 | Ossuary  | Entered an ossuary
  4760 | Ossuary  | Noticed daftwullie's ghost (average GrEE)
  4766 | Ossuary  | Killed daftwullie's ghost
  4766 | Ossuary  | Reached XP level 7. HP: 36/45 MP: 14/14
  4827 | Ossuary  | Learned a level 2 spell: Repel Missiles
  4831 | Ossuary  | Learned a level 3 spell: Conjure Flame
  5178 | Ossuary  | Reached skill level 1 in Charms
  5802 | Ossuary  | Reached skill level 5 in Conjurations
  6120 | D:4      | Killed Prince Ribbit
  6120 | D:4      | Reached XP level 8. HP: 51/51 MP: 11/16
  6160 | D:4      | Noticed kraktruk's ghost (average DECj)
  6224 | Temple   | Entered the Ecumenical Temple
  6228 | Temple   | Became a worshipper of Cheibriados the Contemplative
  6253 | D:5      | Entered Level 5 of the Dungeon
  6702 | D:5      | Reached skill level 1 in Fire Magic
  6702 | D:5      | Reached skill level 1 in Invocations
  7375 | D:5      | Reached skill level 6 in Conjurations
  7514 | D:6      | Acquired Cheibriados' first power
  7932 | D:6      | Slain by a wasp zombie

Action                   |  1- 3 |  4- 6 |  7- 9 || total
-------------------------+-------+-------+-------++-------
Melee: Unarmed           |    18 |     1 |       ||    19
       Short sword       |       |     6 |       ||     6
       Whip              |       |    19 |    60 ||    79
 Cast: Magic Dart        |    71 |   199 |   226 ||   496
       Mephitic Cloud    |       |     8 |    10 ||    18
       Repel Missiles    |       |       |     1 ||     1
       Conjure Flame     |       |       |     1 ||     1
  Use: Scroll            |     6 |     1 |     7 ||    14
       Potion            |       |     6 |       ||     6
 Stab: Sleeping          |       |     1 |     4 ||     5
       Confused          |       |     1 |     3 ||     4
  Eat: Chunk             |     3 |     3 |     2 ||     8
       Fruit             |       |     6 |     2 ||     8
       Pizza             |       |     1 |       ||     1
       Bread ration      |       |       |     1 ||     1
       Beef jerky        |       |       |     1 ||     1
